AoeStats
← NAGA HITAM

Arena

504673755Analyzed
4v4 RM · 25d ago on Sep 6, 2026· 51m 53s· 8 players
Game mode
Random Map
Map size
Large (8 player)
Population
200
Speed
Normal
Resources
Standard
Victory
Conquest
Starting age
Dark Age
Ending age
Imperial Age
RankedLock teamsTeams togetherTeam positionsShared explorationLock speedFull tech treeHidden civsTurbo modeCheats
Victory
Defeat
🇺🇸 Vietnamese · United States
916
+16
🇨🇦 Khmer · Canada
891
+17
🇺🇸 Turks · United States
890
+17
🇺🇸 Teutons · United States
846
+19
🇨🇳 Huns · China
995
-20
🇮🇩 Persians · Indonesia
938
-18
🇮🇩 Malay · Indonesia
938
-18
809
-13
RX
8:00 Loom
11:37 Feudal Age
12:41 Horse Collar
12:48 Double-Bit Axe
15:15 Forging
15:05 Scale Mail Armor
15:07 Fletching
15:18 Padded Archer Armor
18:55 Wheelbarrow
19:08 Loom
23:03 Castle Age
24:30 Iron Casting
25:10 Bodkin Arrow
26:51 Chain Mail Armor
26:41 Elite Skirmisher
27:45 Leather Archer Armor
51:54 Ballistics
51:30 Murder Holes
FlyAirWalker
12:52 Feudal Age
11:11 Loom
13:21 Double-Bit Axe
20:32 Castle Age
19:30 Stone Mining
20:36 Gold Mining
25:01 Pikeman
26:20 Bow Saw
27:54 Wheelbarrow
31:23 Horse Collar
34:52 Imperial Age
33:24 Bloodlines
34:59 Ironclad
35:02 Cavalier
36:04 Scale Barding Armor
37:50 Chemistry
39:50 Forging
40:15 Halberdier
42:21 Stone Shaft Mining
42:20 Squires
42:05 Gambesons
41:46 Onager
46:25 Iron Casting
46:12 Chain Barding Armor
45:42 Fletching
47:25 Heavy Plow
50:15 Blast Furnace
49:48 Elite Teutonic Knight
SHARP99
10:57 Feudal Age
11:27 Horse Collar
11:38 Double-Bit Axe
13:36 Loom
16:10 Castle Age
14:37 Stone Mining
17:17 Heavy Plow
17:34 Bow Saw
19:23 Gold Mining
29:35 Imperial Age
28:13 Wheelbarrow
29:29 Fletching
29:40 Padded Archer Armor
30:04 Hand Cart
30:08 Bodkin Arrow
30:21 Double Crossbow
31:56 Chemistry
31:59 Crop Rotation
31:40 Heavy Scorpion
32:41 Bracer
34:31 Conscription
34:56 Leather Archer Armor
34:53 Forging
37:11 Ring Archer Armor
36:49 Scale Barding Armor
38:10 Iron Casting
37:59 Chain Barding Armor
38:30 Bloodlines
38:21 Husbandry
37:41 Light Cavalry
39:06 Hussar
41:47 Blast Furnace
41:23 Plate Barding Armor
42:59 Gold Shaft Mining
42:59 Stone Shaft Mining
44:22 Town Watch
45:07 Town Patrol
45:15 Scale Mail Armor
48:13 Chain Mail Armor
GBDT
11:14 Feudal Age
9:48 Loom
15:54 Castle Age
14:03 Double-Bit Axe
14:14 Horse Collar
20:04 Gold Mining
22:13 Stone Mining
24:23 Bow Saw
29:45 Imperial Age
29:46 Bloodlines
29:37 Husbandry
31:17 Ballistics
30:38 Treadmill Crane
31:13 Heavy Plow
31:13 Heavy Camel Rider
32:04 Caravan
34:42 Wheelbarrow
34:23 Fortified Wall
34:36 Bombard Tower
34:51 Conscription
35:25 Forging
35:22 Scale Barding Armor
38:22 Iron Casting
38:08 Chain Barding Armor
38:05 Fortified Wall
37:44 Arrowslits
37:54 Murder Holes
41:27 Heavy Scorpion
45:03 Artillery
45:39 Hoardings
51:55 Blast Furnace
51:31 Plate Barding Armor
普通NPC一枚
10:35 Feudal Age
14:13 Castle Age
13:21 Double-Bit Axe
21:09 Horse Collar
25:45 Wheelbarrow
25:12 Heavy Plow
25:39 Gold Mining
29:45 Imperial Age
27:03 Town Watch
27:05 Loom
28:20 Scale Barding Armor
29:09 Bloodlines
29:00 Husbandry
29:06 Scale Mail Armor
29:16 Forging
34:30 Fletching
34:41 Padded Archer Armor
34:59 Man-at-Arms
35:10 Light Cavalry
36:46 Gold Shaft Mining
35:37 Long Swordsman
36:18 Squires
36:35 Chain Mail Armor
36:56 Iron Casting
36:51 Pikeman
39:03 Bodkin Arrow
39:25 Leather Archer Armor
42:58 Parthian Tactics
42:30 Two-Handed Swordsman
43:28 Thumb Ring
46:28 Blast Furnace
45:24 Stone Mining
45:32 Halberdier
47:19 Thumb Ring
49:28 Bracer
51:58 Chemistry
51:18 Ballistics
AdiSetya
0:28 Loom
13:25 Feudal Age
15:00 Horse Collar
15:09 Double-Bit Axe
17:16 Gold Mining
21:53 Castle Age
23:29 Heavy Plow
23:42 Bow Saw
24:12 Crossbowman
26:54 Forging
27:54 Stone Mining
30:45 Kamandaran
35:19 Imperial Age
33:31 Thumb Ring
36:06 Wheelbarrow
36:27 Crop Rotation
37:11 Two-Man Saw
36:56 Conscription
37:38 Iron Casting
36:54 Fletching
37:05 Padded Archer Armor
37:27 Ballistics
38:21 Chemistry
38:35 Elite War Elephant
43:20 Hoardings
45:07 Blast Furnace
44:02 Bodkin Arrow
44:23 Leather Archer Armor
44:21 Masonry
44:06 Murder Holes
44:37 Hand Cart
44:12 Town Watch
49:19 Citadels
49:45 Ring Archer Armor
NAGA HITAM
0:36 Loom
11:19 Feudal Age
15:12 Castle Age
34:23 Imperial Age
33:14 Thalassocracy
33:40 Double-Bit Axe
33:39 Horse Collar
35:53 Elite Karambit Warrior
37:01 Forging
夜羽在哭你知道吗
13:53 Feudal Age
19:55 Castle Age
18:56 Stone Mining
18:54 Double-Bit Axe
19:30 Gold Mining
27:33 Imperial Age
25:31 Bow Saw
26:18 Padded Archer Armor
26:10 Fletching
30:01 Conscription
33:22 Arquebus
37:15 Chemistry
36:39 Ballistics
36:12 Heated Shot
40:07 Wheelbarrow
39:20 Town Watch
39:21 Loom
40:01 Masonry
39:50 Murder Holes
40:07 Fortified Wall
39:49 Guard Tower
Connection lost

Rejoining the realm…

Still unreachable

The connection could not be restored.

Session expired

The server has moved on; the page needs a fresh start.